 Dungeon Crawl Stone Soup version 0.28.0-1-gb440e238dd (webtiles) character file.

Game seed: 6402255969754961399

116 themarg the Cudgeller (level 4, -26/40 HPs)
             Began as a Minotaur Monk on Feb 19, 2022.
             Was a Priest of Qazlal.
             Killed from afar by Ijyb (39 damage)
             ... with a bolt of acid
             ... on level 3 of the Dungeon.
             The game lasted 00:08:32 (2748 turns).

themarg the Cudgeller (Minotaur Monk)               Turns: 2748, Time: 00:08:33

Health: -26/40     AC:  5    Str: 18    XL:     4   Next: 69%
Magic:  3/3        EV: 12    Int:  7    God:    Qazlal [***...]
Gold:   46         SH:  3    Dex: 12    Spells: 3/3 levels left

rFire   . . .      SeeInvis .   a - +0 mace
rCold   . . .      Faith    .   (no shield)
rNeg    . . .      Spirit   .   d - +0 ring mail
rPois   .          Reflect  .   (helmet restricted)
rElec   .          Harm     .   (no cloak)
rCorr   .          Rampage  .   (no gloves)
Will    .....                   (no boots)
Stlth   +.........              (no amulet)
HPRegen 0.13/turn               (no ring)
MPRegen 0.08/turn               (no ring)

@: no status effects
A: horns 2, retaliatory headbutt
a: Renounce Religion, Upheaval, Elemental Force


You were on level 3 of the Dungeon.
You worshipped Qazlal.
Qazlal was most pleased with you.
You visited 1 branch of the dungeon, and saw 3 of its levels.

You collected 46 gold pieces.

Inventory:

Hand Weapons
 a - a +0 mace (weapon)
 f - a +2 short sword of draining
Missiles
 e - 3 javelins (quivered)
 g - 76 stones
 j - 9 poisoned darts
Armour
 b - a +0 robe
 c - a +0 plate armour
 d - a +0 ring mail (worn)
 h - a +0 scale mail
Jewellery
 l - an amulet of guardian spirit
Scrolls
 i - 2 scrolls of identify {unknown}
 k - a scroll of silence {unknown}
 m - a scroll of blinking {unknown}


   Skills:
 + Level 4.1 Fighting
 + Level 5.2 Maces & Flails
 + Level 1.1 Armour
 + Level 4.2 Dodging
 + Level 1.8 Stealth


You had 3 spell levels left.
You didn't know any spells.
Your spell library contained the following spells:

 Spells                   Type           Power      Damage    Failure   Level
 Sublimation of Blood     Necr           0%         N/A       77%         2
 Wereblood                Tmut           0%         N/A       77%         2
 Summon Hydra             Summ           0%         N/A       100%        7


Dungeon Overview and Level Annotations

Branches:
Dungeon (3/15)

Altars:
Qazlal

Annotations:
D:3 Ijyb


Innate Abilities, Weirdness & Mutations

You have a pair of horns on your head.
You reflexively headbutt those who attack you in melee.


Message History

A bat comes into view.
The bat hits you but does no damage. You block the bat's attack.
The bat hits you but does no damage.
You hit the bat.
You kill the bat!
Qazlal accepts your kill.
You can now give life to nearby clouds.
Found a scroll labelled UBOUDO SANTAHE.
You now have 46 gold pieces (gained 7).
You see here a +0 ring mail.
m - a scroll labelled UBOUDO SANTAHE You open the door.
There is an open door here.
An adder comes into view.
The adder hisses angrily.
You hit the adder. You headbutt the adder.
You kill the adder!
Qazlal accepts your kill.
You see here an adder corpse.
You open the door.
There is an open door here.
You open the door.
Found 2 poisoned darts.
There is an open door here.
Found an escape hatch in the ceiling.
j - 9 poisoned darts (gained 2)
g - 76 stones (gained 15)
You hear a shout!
You hear a shout!
Ijyb the Twisted Goblin comes into view.
She is wielding a +0 dagger and carrying a wand of acid (9).
Press: ? - help, v - describe, . - travel A closed door.
You barely miss Ijyb. Ijyb hits you with a +0 dagger.
A kobold comes into view. It is wielding a +0 dagger.
You closely miss Ijyb.
Ijyb zaps a wand.
The bolt of acid hits you!!
Ouch! That really hurt!
Ijyb barely misses you.
An endoplasm comes into view.
Ijyb zaps a wand.
The bolt of acid hits you!!!
Ouch! That really hurt!
You die...

## . .. #..####### #.
#.......######## #.
..#.#..........#+#####.
##.................
##..................
#........<..........
##☼@######..#+#####'
##.#.......# #.
#g.#.####.## #.
....J.K.## #....#####.
....+.... ...........
.. ###### ###.......#.
.#####.#. # #. #.


You could see Ijyb and a kobold.

Vanquished Creatures
  7 adders
  A worm (D:2)
  A dart slug (D:2)
  5 ball pythons
  5 endoplasms
  A giant cockroach (D:1)
  6 goblins
  A hobgoblin (D:1)
  12 kobolds
  7 bats
  4 frilled lizards (D:1)
  2 rats
52 creatures vanquished.

Notes
Turn   | Place    | Note
-------+----------+-------------------------------------------
     0 | D:1      | themarg the Minotaur Monk began the quest for the Orb.
     0 | D:1      | Reached XP level 1. HP: 19/19 MP: 0/0
    80 | D:1      | Reached XP level 2. HP: 24/27 MP: 1/1
   373 | D:1      | Reached skill level 4 in Maces & Flails
   610 | D:1      | Reached XP level 3. HP: 30/33 MP: 2/2
  1749 | D:2      | Reached XP level 4. HP: 19/40 MP: 3/3
  1965 | D:2      | Found a faded altar of an unknown god.
  1972 | D:2      | Prayed at the altar of an unknown god.
  1972 | D:2      | Became a worshipper of Qazlal Stormbringer
  1972 | D:2      | Reached * piety under Qazlal
  1972 | D:2      | Reached ** piety under Qazlal
  2303 | D:2      | Reached skill level 1 in Armour
  2622 | D:3      | Reached skill level 5 in Maces & Flails
  2672 | D:3      | Reached *** piety under Qazlal
  2743 | D:3      | Noticed Ijyb
  2748 | D:3      | Killed from afar by Ijyb

Illustrated notes

Levels and vault maps discovered:
D:1:      saegor_arrival_miasma, layout_basic
D:2:      layout_loops_corners, hellmonk_ecumenical_altar_lost_god,
          serial_rivers, chequers_serial_rivers_micro_c,
          chequers_serial_rivers_room_b, chequers_serial_rivers_large_b,
          chequers_serial_rivers_small_a, chequers_serial_rivers_room_b,
          chequers_serial_rivers_small_b, hex_tiny,
          chequers_serial_rivers_small_3, minmay_box_of_dots
D:3:      layout_basic, minmay_between, uniq_ijyb

Skill      XL: |  1  2  3  4 |
---------------+-------------+-----
Maces & Flails | 4 5 |  5.2
Fighting       | 4 |  4.1
Dodging        | 4 |  4.2
Armour         | 1 |  1.1
Stealth        | |  1.8

Action                   |  1- 3 |  4- 6 || total
-------------------------+-------+-------++-------
Melee: Mace              |    88 |    37 ||   125
       Headbutt          |    15 |     7 ||    22
       Punch             |       |     1 ||     1
Armor: Robe              |     3 |       ||     3
       Ring mail         |    19 |    12 ||    31
Dodge: Dodged            |    60 |    21 ||    81
Block: Other             |       |     3 ||     3
